 Dungeon Crawl Stone Soup version 0.30-a0-719-gcc4359ea44 (webtiles) character file.

Game seed: 10076030126083290658

377 Arximoufas the Gusty (level 6, -2/36 (41) HPs)
             Began as a Demonspawn Fire Elementalist on Jan 26, 2023.
             Was an Initiate of Vehumet.
             Slain by a black bear (5 damage)
             ... on level 5 of the Dungeon.
             The game lasted 00:22:41 (6139 turns).

Arximoufas the Gusty (Demonspawn Fire Elementalist) Turns: 6139, Time: 00:22:42

HP:   -2/36 (41)    AC:  3    Str:  8    XL:     6   Next: 45%
MP:   4/9           EV: 12    Int: 19    God:    Vehumet [......]
Gold: 107           SH:  0    Dex: 13    Spells: 1/9 levels left

rFire   + . .      SeeInvis +    (no weapon)
rCold   + . .      Faith    .    (no shield)
rNeg    . . .      Spirit   .    r - +0 robe of Syhugup {rPois rC+ Regen+}
rPois   +          Reflect  .    (no helmet)
rElec   .          Harm     .    n - +0 cloak
rCorr   .          Rampage  .    (no gloves)
Will    .....                    (no boots)
Stlth   ++                       (no amulet)
HPRegen 1.06/turn                h - ring of see invisible
MPRegen 0.22/turn                s - ring of protection from fire

@: heavily drained
A: claws 1, ignite blood 1, magic regeneration
a: Renounce Religion


You were on level 5 of the Dungeon.
You worshipped Vehumet.
Vehumet was noncommittal.
You visited 2 branches of the dungeon, and saw 6 of its levels.

You collected 107 gold pieces.

Inventory:

Armour
 a - a +0 robe
 n - a +0 cloak (worn)
 r - the +0 robe of Syhugup (worn) {rPois rC+ Regen+}
   (You found it on level 4 of the Dungeon)

   rC:        It protects you from cold.
   rPois:     It protects you from poison.
   Regen:     It increases your rate of health regeneration.
Jewellery
 h - a ring of see invisible (left claw)
 j - a +6 ring of dexterity
 s - a ring of protection from fire (right claw)
Wands
 t - a wand of mindburst (12)
Scrolls
 b - a scroll of amnesia {unknown}
 c - a scroll of butterflies {unknown}
 e - a scroll of noise {unknown}
 g - a scroll of identify {unknown}
 i - 2 scrolls of magic mapping {unknown}
 l - 2 scrolls of enchant armour {unknown}
 m - 2 scrolls of blinking {unknown}
Potions
 d - a potion of ambrosia {unknown}
 f - 2 potions of haste {unknown}
 k - 2 potions of lignification {unknown}
 o - 2 potions of heal wounds {unknown}
 p - 2 potions of flight {unknown}
 q - a potion of degeneration {unknown}


   Skills:
 - Level 1.7 Dodging
 - Level 1.7 Stealth
 - Level 2.0 Spellcasting
 + Level 3.3 Conjurations
 - Level 1.0 Necromancy
 - Level 3.0 Fire Magic
 + Level 3.4 Air Magic
 + Level 3.3 Poison Magic


You had one spell level left.
You knew the following spells:

 Your Spells              Type           Power      Damage    Failure   Level
a - Foxfire               Conj/Fire      56%        2x1d6     4%          1
b - Poisonous Vapours     Pois/Air       28%        N/A       6%          2
c - Mephitic Cloud        Conj/Pois/Air  14%        N/A       13%         3
d - Cigotuvi's Dreadful   Necr/Pois/Air  22%        N/A       9%          2

Your spell library contained the following spells:

 Spells                   Type           Power      Damage    Failure   Level
 Scorch                   Fire           26%        2d6       8%          2
 Kindle Blastsparks       Fire/Tloc/Air  20%        2d11      22%         3
 Inner Flame              Hex/Fire       7%         N/A       26%         3
 Flame Wave               Conj/Fire      14%        2d6       41%         4


Dungeon Overview and Level Annotations

Branches:
Dungeon (5/15)             Temple (1/1) D:4

Altars:
Ashenzari
Cheibriados
Dithmenos
Fedhas
Gozag
Hepliaklqana
Kikubaaqudgha
Nemelex Xobeh
Okawaru
Qazlal
Ru
Sif Muna
Trog
Uskayaw
Vehumet
Xom
Yredelemnul

Annotations:
D:3 Ijyb


Innate Abilities, Weirdness & Mutations

You have sharp fingernails.
Your demonic aura sometimes causes spilled blood to erupt in flames.
You regenerate magic rapidly.


Message History

Casting: Foxfire (safe; 4% risk of failure)
Press: ? - help, Q - select action, (/) - cycle Dir - look around, f - activate You conjure some foxfire!
Your foxfire dissipates!
The foxfire hits the black bear.
The black bear is severely wounded.
Casting: Foxfire (safe; 4% risk of failure)
Press: ? - help, Q - select action, (/) - cycle Dir - look around, f - activate You conjure some foxfire!
The black bear goes berserk!
Your foxfire dissipates!
The foxfire hits the black bear.
The black bear is severely wounded.
Casting: Foxfire (safe; 4% risk of failure)
Press: ? - help, Q - select action, (/) - cycle Dir - look around, f - activate You conjure some foxfire!
The foxfire hits the black bear.
The black bear is severely wounded.
Your foxfire dissipates!
Casting: Foxfire (safe; 4% risk of failure)
Press: ? - help, Q - select action, (/) - cycle Dir - look around, f - activate You conjure some foxfire!
The black bear closely misses you. The black bear claws you. x2
The black bear bites you but does no damage.
The black bear barely misses you. The black bear claws you.
Your foxfire dissipates!
The black bear attacks as you move away!
The black bear closely misses you. The black bear barely misses you.
The black bear claws you.
The black bear attacks as you move away!
The black bear closely misses you. The black bear claws you. x2
The black bear bites you. The black bear claws you.
* * * LOW HITPOINT WARNING * * *
The black bear claws you.
* * * LOW HITPOINT WARNING * * *
Okay, then.
Okay, then.
The black bear attacks as you move away!
The black bear bites you.
You die...

#### #... #.# #.#
#################.#
#..@h.............#
#.#################
#.# ####.#...# #.#
#....#.#.# #.#
#.##.#.#.#
#.###.##.#.#.#
#.....##.#.#[#
#........#.#.#
#.##.........#


You could see a black bear (berserk).

Vanquished Creatures
  An orc priest (D:3)
  A jelly (D:4)
  A hound (D:4)
  Terence (D:2)
  2 iguanas
  An orc wizard (D:3)
  7 adders
  An ufetubus (D:4)
  2 worms
  5 dart slugs
  8 orcs
  9 endoplasms
  3 giant cockroaches
  9 goblins
  7 hobgoblins
  11 jackals
  4 quokkas
  6 ball pythons
  4 bats
  2 frilled lizards (D:2)
  10 kobolds
  2 rats
97 creatures vanquished.

Vanquished Creatures (collateral kills)
  7 foxfires
7 creatures vanquished.

Vanquished Creatures (others)
  343 foxfires
  A fungus (D:1)
  20 plants (D:4)
364 creatures vanquished.

Grand Total: 468 creatures vanquished

Notes
Turn   | Place    | Note
-------+----------+-------------------------------------------
     0 | D:1      | Arximoufas the Demonspawn Fire Elementalist began the quest
                  | for the Orb.
     0 | D:1      | Reached XP level 1. HP: 13/13 MP: 3/3
   656 | D:1      | Gained mutation: You regenerate magic rapidly. [demonic
                  | ancestry]
   656 | D:1      | Reached XP level 2. HP: 19/19 MP: 3/5
   877 | D:1      | Learned a level 2 spell: Poisonous Vapours
  1342 | D:2      | Noticed Terence
  1373 | D:2      | Killed Terence
  1374 | D:2      | Reached skill level 1 in Air Magic
  1374 | D:2      | Reached skill level 1 in Poison Magic
  1374 | D:2      | Reached XP level 3. HP: 1/24 MP: 2/6
  1479 | D:2      | Learned a level 3 spell: Mephitic Cloud
  2054 | D:2      | Gained mutation: Your demonic aura sometimes causes spilled
                  | blood to erupt in flames. [demonic ancestry]
  2054 | D:2      | Reached XP level 4. HP: 30/30 MP: 3/7
  2921 | D:3      | Reached XP level 5. HP: 22/35 MP: 3/8
  3015 | D:4      | Learned a level 2 spell: Cigotuvi's Dreadful Rot
  3168 | D:3      | Noticed Ijyb
  3716 | D:3      | Reached skill level 1 in Necromancy
  3805 | D:3      | Found a shimmering blue altar of Sif Muna.
  4061 | D:4      | Gained mutation: You have sharp fingernails. [demonic
                  | ancestry]
  4061 | D:4      | Reached XP level 6. HP: 41/41 MP: 5/9
  4163 | D:4      | Found a staircase to the Ecumenical Temple.
  4176 | Temple   | Entered the Ecumenical Temple
  4193 | Temple   | Became a worshipper of Vehumet
  4643 | D:4      | Noticed an angel
  4693 | D:4      | Identified the +0 robe of Syhugup {rPois rC+ Regen+}
  4910 | D:4      | Noticed a rust devil
  6032 | D:5      | Entered Level 5 of the Dungeon
  6139 | D:5      | Slain by a black bear

Illustrated notes

Levels and vault maps discovered:
D:1:      zelgadis_glass_arrival_small, layout_basic, minmay_liquid_box,
          dreamdust_mushroom_princess
D:2:      layout_basic, minmay_stone_trees_small, chequers_decorated_corner,
          kennysheep_boxes, uniq_terence
D:3:      layout_rooms, mainiacjoe_overflow_six_doors_small,
          mainiacjoe_overflow_two_lobes, minmay_misc_feat_secret_circle,
          hangedman_decor_push, nrook_mini_backslash, uniq_ijyb
D:4:      minmay_spotlight, layout_loops_ring, temple_garden,
          chequers_big_river, chequers_serial_rivers_small_3, kennysheep_path_1,
          minivault_14
D:5:      layout_basic, uniq_grinder
Temple:   eino_narrow_crystal_temple

Skill      XL: |  1  2  3  4  5  6 |
---------------+-------------------+-----
Conjurations   | 2 3 |  3.3
Fire Magic     | 3 |  3.0
Air Magic      | 1 2 3 |  3.4
Poison Magic   | 1 2 3 |  3.3
Necromancy     | 1 |  1.0
Dodging        | |  1.7
Stealth        | |  1.7
Spellcasting   | |  2.0

Action                     |  1- 3 |  4- 6 || total
---------------------------+-------+-------++-------
  Melee: Unarmed           |     4 |     2 ||     6
   Cast: Foxfire           |    75 |   177 ||   252
         Cigotuvi's Dreadf |       |     2 ||     2
         Mephitic Cloud    |       |     1 ||     1
    Use: Potion            |     1 |       ||     1
 Armour: Robe              |     6 |    14 ||    20
  Dodge: Dodged            |    31 |    49 ||    80

Table legend: (Time is in decaauts)
 A = Elapsed time spent in this place.
 B = Non-inter-level travel time spent in this place.
 C = Inter-level travel time spent in this place.
 D = Time resting spent in this place.
 E = Time spent auto-exploring this place.
 F = Levels seen in this place.
 G = Mean time per level.
                   A        B        C        D        E       F      G
               +--------+--------+--------+--------+--------+-----+--------+
         Total |   6191 |   5962 |    229 |   2373 |   2257 |   6 | 1031.8 |
       Dungeon |   5941 |   5719 |    222 |   2370 |   2043 |   5 | 1188.2 |
        Temple |    249 |    242 |      7 |      3 |    214 |   1 |  249.0 |
               +--------+--------+--------+--------+--------+-----+--------+

Top non-repeatable levels by time:
     D:4: 1899 daAuts
     D:2: 1805 daAuts
     D:1: 1446 daAuts
     D:3: 683 daAuts
  Temple: 249 daAuts
     D:5: 106 daAuts
